 Dungeon Crawl Stone Soup version 0.28.0-53-g5a82cb258f (webtiles) character file.

Game seed: 6674606580145524069

277 quixfox the Chopper (level 6, -3/44 (56) HPs)
             Began as a Minotaur Fighter on July 12, 2022.
             Killed by divine providence
             ... invoked by an orc priest
              (10 damage)
             ... on level 4 of the Dungeon.
             The game lasted 00:04:47 (3326 turns).

quixfox the Chopper (Minotaur Fighter)              Turns: 3326, Time: 00:04:47

HP:   -3/44 (56)    AC: 12    Str: 23    XL:     6   Next: 4%
MP:   5/5           EV:  6    Int:  5    God:
Gold: 211           SH:  4    Dex:  9    Spells: 5/5 levels left

rFire   . . .      SeeInvis .   a - +0 war axe
rCold   . . .      Faith    .   c - +0 buckler
rNeg    . . .      Spirit   .   i - +0 plate armour
rPois   .          Reflect  .   (helmet restricted)
rElec   .          Harm     .   (no cloak)
rCorr   .          Rampage  .   (no gloves)
Will    .....                   (no boots)
Stlth   ..........              (no amulet)
HPRegen 0.14/turn               (no ring)
MPRegen 0.09/turn               (no ring)

@: heavily drained
A: horns 2, retaliatory headbutt
a: no special abilities


You were on level 4 of the Dungeon.
You visited 2 branches of the dungeon, and saw 5 of its levels.

You collected 211 gold pieces.

Inventory:

Hand Weapons
 a - a +0 war axe (weapon)
 b - a +4 hunting sling
 o - a +2 morningstar of protection
Armour
 c - a +0 buckler (worn)
 i - a +0 plate armour (worn)
Scrolls
 g - 2 scrolls of teleportation {unknown}
 k - a scroll of enchant armour {unknown}
 l - a scroll of enchant weapon {unknown}
 m - a scroll of fog {unknown}
Potions
 d - a potion of might
 e - a potion of lignification {unknown}
 f - 2 potions of flight
 h - a potion of curing
 j - a potion of cancellation {unknown}
 n - a potion of haste {unknown}


   Skills:
 + Level 5.1 Fighting
 * Level 5.7 Axes
 + Level 5.1 Armour
 - Level 3.6 Shields


You had 5 spell levels left.
You didn't know any spells.
Your spell library contained the following spells:

 Spells                   Type           Power      Damage    Failure   Level
 Blink                    Tloc           0%         N/A       100%        2
 Lesser Beckoning         Tloc           0%         N/A       100%        3
 Ozocubu's Armour         Ice            0%         N/A       100%        3
 Manifold Assault         Tloc           0%         N/A       100%        5
 Metabolic Englaciation   Hex/Ice        0%         N/A       100%        5
 Simulacrum               Ice/Necr       0%         N/A       100%        6


Dungeon Overview and Level Annotations

Branches:
Dungeon (4/15)             Temple (1/1) D:4

Altars:
Ashenzari
Cheibriados
Elyvilon
Fedhas
Gozag
Hepliaklqana
Makhleb
Nemelex Xobeh
Qazlal
Ru
Uskayaw
Xom
Yredelemnul
Zin


Innate Abilities, Weirdness & Mutations

You have a pair of horns on your head.
You reflexively headbutt those who attack you in melee.


Message History

You barely miss the orc wizard. Your headbutt misses the orc wizard.
The orc wizard is moderately wounded.
You hit the black bear but do no damage.
You hit the orc priest but do no damage.
The orc wizard casts a spell at you. The magic dart hits you.
The orc priest hits you but does no damage.
You block the black bear's attack.
The black bear claws you but does no damage. x2
You closely miss the orc priest.
The orc priest is lightly wounded.
You slash the orc wizard! You barely miss the black bear.
The orc wizard barely misses you.
The orc priest hits you with a +0 flail!
* * * LOW HITPOINT WARNING * * *
The black bear bites you but does no damage.
The black bear claws you but does no damage. x2
The orc wizard hits you but does no damage.
You feel drained.
The orc priest hits you but does no damage.
Found a stone staircase leading up.
An endoplasm comes into view.
The orc wizard hits you with a +2 dagger of draining.
* * * LOW HITPOINT WARNING * * *
You feel drained.
* * * LOW HITPOINT WARNING * * *
The endoplasm quivers.
The orc wizard mumbles some strange words.
The orc wizard flickers and vanishes!
Deactivating autopickup; reactivate with Ctrl-A.
You feel better. The black bear bites you. The black bear claws you.
* * * LOW HITPOINT WARNING * * *
The black bear claws you.
* * * LOW HITPOINT WARNING * * *
A puff of flame appears from out of thin air!
The puff of flame hits you.
* * * LOW HITPOINT WARNING * * *
The orc priest invokes the aid of Beogh against you.
Beogh smites you!
You die...

# .....##..J###.##.....#...#....
. ...........o......##.#.#......
# # #........##..##.## .....#...>
#(#.#..........g.# .# #...#......
#.#.#........##.## .# #...#.#....
.......<.....##..# .. #......
...........#####.### #.#.#.#
...........###..h.^#####..#......
...........##.^.@^.^##.#.........
###........#.^^.†..^^#.##.#####..
###.#..##..#..^.>....#.##........
......................#########..
...........#..........# #........
##..##.##..#..^^.^...## #........
##..##.##..##^.^....## ##.######.
........#..###^...^## #.........
....##..#..####...######.........


You could see a black bear (summoned), an orc priest and a hobgoblin (summoned).

Vanquished Creatures
  A necrophage (D:4)
  An orc priest (D:3)
  Terence (D:2)
  Robin (D:2)
  2 adders (D:4)
  An adder skeleton (D:4)
  6 worms
  A dart slug (D:1)
  9 orcs
  3 ball pythons
  8 endoplasms
  2 giant cockroaches
  8 hobgoblins
  5 kobolds
  2 quokkas
  2 bats
  2 frilled lizards
  18 goblins
  2 rats
75 creatures vanquished.

Notes
Turn   | Place    | Note
-------+----------+-------------------------------------------
     0 | D:1      | quixfox the Minotaur Fighter began the quest for the Orb.
     0 | D:1      | Reached XP level 1. HP: 19/19 MP: 0/0
   330 | D:1      | Reached XP level 2. HP: 25/27 MP: 1/1
   815 | D:2      | Noticed Robin
   822 | D:2      | Reached XP level 3. HP: 24/33 MP: 2/2
   842 | D:2      | Killed Robin
  1117 | D:2      | Found a faded altar of an unknown god.
  1324 | D:2      | Noticed Terence
  1336 | D:2      | Killed Terence
  1337 | D:2      | Reached XP level 4. HP: 16/41 MP: 3/3
  2262 | D:3      | Reached XP level 5. HP: 35/47 MP: 4/4
  2430 | D:4      | Reached skill level 5 in Axes
  2903 | D:4      | Found a staircase to the Ecumenical Temple.
  2912 | Temple   | Entered the Ecumenical Temple
  3238 | D:4      | Noticed a necrophage
  3246 | D:4      | Killed a necrophage
  3247 | D:4      | Reached skill level 5 in Fighting
  3247 | D:4      | Reached skill level 5 in Armour
  3247 | D:4      | Reached XP level 6. HP: 54/56 MP: 5/5
  3326 | D:4      | Killed from afar by an orc priest

Illustrated notes

Levels and vault maps discovered:
D:1:      nzn_arrival_settlement, layout_rooms, chequers_mini_garden,
          bh_walls_and_bars
D:2:      layout_loops_ring, ebering_ecumenical_altar_rust, uniq_terence,
          uniq_robin
D:3:      layout_loops_cross, minmay_ruptured
D:4:      minmay_razor_zed, layout_basic, minmay_temple_entry_glass,
          nicolae_wormholes
Temple:   nicolae_temple_great_sept

Skill      XL: |  1  2  3  4  5 |
---------------+----------------+-----
Axes           | 3 4 5 |  5.7
Fighting       | 4 5 |  5.1
Armour         | 4 5 |  5.1
Shields        | |  3.6

Action                   |  1- 3 |  4- 6 || total
-------------------------+-------+-------++-------
Melee: War axe           |    83 |    89 ||   172
       Headbutt          |    11 |    10 ||    21
  Use: Scroll            |       |     2 ||     2
       Potion            |       |     1 ||     1
Armor: Scale mail        |    30 |       ||    30
       Plate armour      |     9 |    57 ||    66
Dodge: Dodged            |    27 |    32 ||    59
Block: Buckler           |    22 |    14 ||    36
